Map: Catalyst LE

Players

Romson

  • Race: Protoss Protoss
  • League: Master
  • Spawn Location: 11:00

McMonSWAGroe - Winner!

  • Race: Zerg Zerg
  • League: Master
  • Spawn Location: 5:00

VOD

Have the link to the VOD?

Description

Time

  • Played on: April 2, 2018, 2:21 p.m.
  • Length: 4:01
Show
View Real Time Build Order
Export as new Build Order

Romson Protoss 

Build Orders: 1 Gate Expand, Dark Templar Rush 

Get SALT Encoding   

  12  0:00  Probe  
  13  0:12  Probe  
  14  0:19  Pylon  
  14  0:24  Probe (Chrono Boost)  
  15  0:38  Probe (Chrono Boost)  
  15  0:39  Gateway  
  16  0:45  Probe (Chrono Boost)  
  16  0:49  Assimilator  
  17  0:52  Probe  
  18  1:02  Pylon  
  18  1:04  Probe  
  19  1:16  Probe  
  20  1:33  Nexus  
  20  1:43  Cybernetics Core  
  20  1:46  Probe  
  21  1:53  Assimilator  
  21  1:58  Probe  
  21  2:00  Pylon  
  22  2:10  Probe  
  23  2:17  Adept (Chrono Boost)  
  23  2:22  Probe  
  26  2:30  Twilight Council  
  26  2:34  Probe  
  26  2:36  Adept (Chrono Boost)  
  29  2:45  Probe  
  29  2:46  Probe  
  31  2:57  Shield Battery  
  30  2:59  Gateway  
  30  3:05  Adept (Chrono Boost)  
  32  3:20  Shield Battery  
  32  3:25  Dark Shrine  
  32  3:27  Gateway  
  32  3:32  Shield Battery  
  32  3:36  Shield Battery  
  33  3:45  Shield Battery  
Show
View Real Time Build Order
Export as new Build Order

McMonSWAGroe Zerg - Winner!

Build Orders: Hatch First 

Get SALT Encoding   

  12  0:00  Drone  
  13  0:12  Overlord  
  13  0:17  Drone  
  14  0:31  Drone x2  
  16  0:37  Drone  
  17  0:54  Hatchery  
  16  0:58  Drone  
  16  1:01  Drone  
  18  1:11  Extractor  
  18  1:17  Spawning Pool  
  16  1:21  Drone  
  16  1:24  Drone  
  18  1:30  Drone  
  19  2:06  Queen  
  19  2:08  Zergling x2, Spine Crawler  
  20  2:12  Metabolic Boost  
  20  2:15  Spine Crawler  
  20  2:20  Spine Crawler  
  20  2:22  Zergling x2  
  20  2:25  Zergling x2  
  21  2:31  Zergling x2  
  21  2:32  Zergling x2  
  23  2:42  Queen  
  25  2:51  Zergling x4  
  27  2:52  Zergling x2  
  28  3:04  Overlord  
  26  3:13  Zergling x4  
  28  3:22  Queen  
  30  3:28  Zergling x8  
  33  3:38  Zergling x2  
  33  3:39  Zergling x2  
Tags
 
Add a new tag
Caveats
  • Supply blocks, unpowered buildings, or Contaminate may cause inaccurate times.
  • Supply counts are checked every 10 seconds.